 Dungeon Sprint DCSS version 0.21-a0-228-g14ccbf3 (webtiles) character file.

1545 terra52 the Summoner (level 8, -1/111 HPs)
             Began as a Troll Summoner on Sept 1, 2017.
             Was an Initiate of Ru.
             Slain by a demonic crawler (11 damage)
             ... in the Dungeon (Sprint I: "Red Sonja").
             The game lasted 00:05:17 (381 turns).

terra52 the Summoner (Troll Summoner)                Turns: 381, Time: 00:05:17

Health: -1/111     AC:  5    Str: 22    XL:     8   Next: 56%
Magic:  9/14       EV: 12    Int: 13    God:    Ru [......]
Gold:   378        SH:  0    Dex: 10    Spells: 4/17 levels left

rFire    . . .     SeeInvis .     - Unarmed
rCold    . . .     Gourm    +   (no shield)
rNeg     . . .     Faith    .   a - +0 robe
rPois    .         Spirit   .   (helmet restricted)
rElec    .         Reflect  .   (no cloak)
rCorr    .         Harm     .   (gloves unavailable)
MR       .....     NoTele   +   (boots unavailable)
Stlth    ..........             (no amulet)
HPRegen  0.68/turn              (no ring)
MPRegen  0.14/turn              (no ring)

@: berserking, very quick
A: unfitting armour, claws 3, fast metabolism 3, gourmand, regeneration 1,
shaggy fur 1, tough skin 2
a: Renounce Religion


You were in the Dungeon.
You worshipped Ru.
Ru was noncommittal.
You were full.

You visited 1 branch You collected 378 gold pieces.

Inventory:

Armour
 a - a +0 robe (worn)
Scrolls
 i - a scroll of blinking
Potions
 d - a potion of curing
 e - a potion of heal wounds
 f - a potion of haste
 g - 2 potions of magic
Books
 b - a book of Callings

   Spells                             Type                      Level
   a - Summon Small Mammal            Summoning                    1
   b - Call Imp                       Summoning                    2
   c - Call Canine Familiar           Summoning                    3
   d - Summon Guardian Golem          Hexes/Summoning              3
   e - Summon Lightning Spire         Summoning/Air                4
   f - Summon Ice Beast               Ice/Summoning                4
Comestibles
 c - 2 bread rations


   Skills:
 + Level 2.4 Fighting
 + Level 5.8 Dodging
 + Level 3.6 Stealth
 + Level 8.7 Unarmed Combat
 + Level 5.0 Spellcasting
 + Level 0.8 Hexes
 + Level 9.5 Summonings
 * Level 2.3 Ice Magic


You had 4 spell levels left.
You knew the following spells:

 Your Spells              Type           Power        Failure   Level  Hunger
a - Summon Small Mammal   Summ           ####         1%          1    None
b - Call Imp              Summ           ####....     1%          2    ##.....
c - Call Canine Familiar  Summ           ####....     1%          3    ###....
d - Summon Guardian Gole  Hex/Summ       ###.....     7%          3    ###....
e - Summon Ice Beast      Ice/Summ       ###.....     16%         4    ####...


Dungeon Overview and Level Annotations

Branches:
Dungeon (1/1)

Altars:
Cheibriados
Dithmenos
Elyvilon
Fedhas
Gozag
Hepliaklqana
Kikubaaqudgha
Makhleb
Nemelex Xobeh
Okawaru
Qazlal
Ru
Sif Muna
Trog
Uskayaw
Vehumet
Wu Jian
Xom
Yredelemnul
Zin
The Shining One
Jiyva
Lugonu

Shops:
D (


Innate Abilities, Weirdness & Mutations

You are too large for most types of armour.
You have claws for hands.
Your metabolism is lightning-fast.
You like to eat raw meat.
Your natural rate of healing is unusually fast.
You are covered in fur. (AC +1)
You have very tough skin. (AC +2)


Message History

* * * LOW HITPOINT WARNING * * *
The demonic crawler hits you.
* * * LOW HITPOINT WARNING * * *
The demonic crawler barely misses you.
You scratch the demonic crawler.
The demonic crawler is severely wounded.
The demonic crawler hits you.
* * * LOW HITPOINT WARNING * * *
The demonic crawler hits you.
* * * LOW HITPOINT WARNING * * *
The demonic crawler hits you but does no damage.
You mangle the demonic crawler!!
You kill the demonic crawler!
Your Spellcasting skill increases to level 5!
Your Ice Magic skill increases to level 2!
The demonic crawler hits you but does no damage.
The demonic crawler hits you.
* * * LOW HITPOINT WARNING * * *
The demonic crawler hits you!
You die...

######################
.)').#.)'..#__#$†s...#
..#..'..#..'..'.@#)..#
####'#####'#__####.h.ss.#
###..#...#)####§ #####..+
__####..##[#§≈§§c# +##
_____##'#_.§§§≈§§+
_.∩...'..._#§§§§c#
_..__##_.#'##+####
_____###+#[# ###### ###


You could see a demonic crawler.

Vanquished Creatures
  2 demonic crawlers (D)
  2 kobold demonologists (D)
  A slime creature (D)
  A yak (D)
  A floating eye (D)
  An ogre (D)
  Ijyb (D)
9 creatures vanquished.

Vanquished Creatures (collateral kills)
  Sigmund (D)
  A jelly (D)
2 creatures vanquished.

Vanquished Creatures (others)
  A gargoyle (D)
1 creature vanquished.

Grand Total: 12 creatures vanquished

Notes
Turn   | Place    | Note
-------+----------+-------------------------------------------
     0 | D        | terra52 the Troll Summoner began the quest for the Orb.
     0 | D        | Reached XP level 1. HP: 16/16 MP: 1/1
     3 | D        | Noticed Ijyb
    26 | D        | Killed Ijyb
    26 | D        | Reached skill level 4 in Summonings
    26 | D        | Reached XP level 2. HP: 16/24 MP: 1/3
    30 | D        | Learned a level 2 spell: Call Imp
    57 | D        | Noticed an ogre
    62 | D        | Killed an ogre
    62 | D        | Reached skill level 6 in Summonings
    62 | D        | Reached XP level 3. HP: 31/31 MP: 0/4
    62 | D        | Reached XP level 4. HP: 39/39 MP: 0/5
    75 | D        | Noticed Sigmund
    87 | D        | Killed Sigmund
    87 | D        | Reached skill level 7 in Summonings
    87 | D        | Reached XP level 5. HP: 27/45 MP: 2/7
   143 | D        | Learned a level 3 spell: Call Canine Familiar
   144 | D        | Found an ornate altar of the Wu Jian Council.
   144 | D        | Found a deep blue altar of Sif Muna.
   146 | D        | Found a radiant altar of Vehumet.
   169 | D        | Found Okentamp's Weapon Emporium.
   169 | D        | Found an ancient bone altar of Kikubaaqudgha.
   169 | D        | Found a hazy altar of Hepliaklqana.
   169 | D        | Found a stormy altar of Qazlal.
   169 | D        | Found a hide-covered altar of Uskayaw.
   169 | D        | Found a blossoming altar of Fedhas.
   169 | D        | Found a bloodstained altar of Trog.
   169 | D        | Found an iron altar of Okawaru.
   169 | D        | Found a basalt altar of Yredelemnul.
   169 | D        | Found a glowing golden altar of the Shining One.
   169 | D        | Found a snail-covered altar of Cheibriados.
   169 | D        | Found a sacrificial altar of Ru.
   169 | D        | Found a glowing silver altar of Zin.
   169 | D        | Found a shadowy altar of Dithmenos.
   169 | D        | Found a white marble altar of Elyvilon.
   169 | D        | Noticed a yak
   170 | D        | Found an opulent altar of Gozag.
   189 | D        | Killed a yak
   189 | D        | Reached skill level 8 in Summonings
   189 | D        | Reached XP level 6. HP: 54/54 MP: 2/9
   195 | D        | Found a sparkling altar of Nemelex Xobeh.
   201 | D        | Became a worshipper of Ru the Awakened
   229 | D        | Learned a level 3 spell: Summon Guardian Golem
   253 | D        | Found a burning altar of Makhleb.
   253 | D        | Found a viscous altar of Jiyva.
   253 | D        | Found a shimmering altar of Xom.
   253 | D        | Found a corrupted altar of Lugonu.
   253 | D        | Noticed a slime creature
   260 | D        | Killed a slime creature
   260 | D        | Reached skill level 1 in Fighting
   260 | D        | Reached skill level 5 in Unarmed Combat
   315 | D        | Noticed a centaur warrior
   315 | D        | Noticed a centaur warrior
   330 | D        | Killed a gargoyle
   332 | D        | Noticed a kobold demonologist
   332 | D        | Noticed a floating eye
   337 | D        | Noticed an orange demon
   338 | D        | Killed a kobold demonologist
   338 | D        | Reached skill level 5 in Dodging
   338 | D        | Reached skill level 9 in Summonings
   338 | D        | Reached XP level 7. HP: 62/62 MP: 10/12
   341 | D        | Noticed a kobold demonologist
   350 | D        | Killed a kobold demonologist
   350 | D        | Reached XP level 8. HP: 70/70 MP: 11/13
   360 | D        | Learned a level 4 spell: Summon Ice Beast
   360 | D        | Noticed a demonic crawler
   360 | D        | Noticed a demonic crawler
   360 | D        | Noticed a demonic crawler
   360 | D        | Noticed a demonic crawler
   376 | D        | Killed a demonic crawler
   376 | D        | Reached skill level 1 in Ice Magic
   381 | D        | Killed a demonic crawler
   381 | D        | Reached skill level 5 in Spellcasting
   381 | D        | Slain by a demonic crawler

Vault maps used:
D:        dungeon_sprint_1

Skill      XL: |  1  2  3  4  5  6  7  8 |
---------------+-------------------------+-----
Dodging        | 2 3 4 5 |  5.8
Summonings     | 4 6 7 8 9 |  9.5
Stealth        | 2 3 |  3.6
Unarmed Combat | 2 3 4 6 7 8 |  8.7
Spellcasting   | 2 3 4 5 |  5.0
Fighting       | 1 2 |  2.4
Ice Magic      | 2 |  2.3
Hexes          | |  0.8

Action                   |  1- 3 |  4- 6 |  7- 9 || total
-------------------------+-------+-------+-------++-------
Melee: Unarmed           |    25 |    23 |    21 ||    69
       Punch             |       |     1 |       ||     1
 Cast: Summon Small Mamm |     4 |     1 |       ||     5
       Call Canine Famil |       |     4 |     1 ||     5
       Summon Guardian G |       |     1 |     1 ||     2
  Use: Potion            |       |       |     1 ||     1
 Stab: Sleeping          |     1 |     2 |       ||     3
  Eat: Chunk             |       |     6 |       ||     6
Armor: Robe              |     3 |     4 |    11 ||    18
Dodge: Dodged            |    10 |     8 |    17 ||    35

Table legend:
 A = Spawn XP
 B = Non-spawn XP
 C = Spawn XP percentage of total XP
 D = Spawn monster count
 E = Non-spawn monster count
 F = Spawn count percentage of total count
 G = Total turns spent on level
                    A         B        C        D         E        F      G
               +---------+---------+-------+---------+---------+-------+---------
         Total |       0 |    2208 |   0.0 |       0 |      11 |   0.0 |   381
               +---------+---------+-------+---------+---------+-------+---------
             D |       0 |    2208 |   0.0 |       0 |      11 |   0.0 |   381
               +---------+---------+-------+---------+---------+-------+---------
